 Dungeon Crawl Stone Soup version 0.17.0-28-g6e173f8 (webtiles) character file.

151 gorblad the Covert (level 5, -4/38 HPs)
             Began as a Vampire Assassin on Dec 4, 2015.
             Killed from afar by Elvalys's ghost (5 damage)
             ... with a magic dart
             ... in a sewer.
             The game lasted 00:09:30 (2984 turns).

gorblad the Covert (Vampire Assassin)               Turns: 2984, Time: 00:09:31

Health: -4/38      AC:  7    Str: 10    XL:     5   Next: 11%
Magic:  0/5        EV: 12    Int: 14    God:
Gold:   88         SH:  0    Dex: 16    Spells: 0 memorised, 4 levels left

rFire  . . .     SeeInvis +     a - +3 dagger
rCold  . . .     Clarity  .     c - +0 robe
rNeg   + . .     SustAt   .     (no shield)
rPois  .         Gourm    .     (no helmet)
rElec  .         Spirit   +     o - +1 cloak
rCorr  .         Warding  .     (no gloves)
rMut   .         Stasis   .     q - +2 pair of boots
MR     .....                    l - amulet of guardian spirit
Stlth  +++++.....               (no ring)
                                (no ring)

@: about to teleport, not resistant to hostile enchantments, quite stealthy
A: fangs 3, see invisible, unbreathing
a: Bat Form


You were in a sewer.
You were not thirsty.

You visited 1 branch of the dungeon, and saw 3 of its levels.
You also visited: Sewer.

You collected 88 gold pieces.

Inventory:

Hand Weapons
 a - a +3 dagger (weapon)
 b - a +0 blowgun
Missiles
 e - 43 poisoned needles
 f - 2 curare-tipped needles
Armour
 c - a +0 robe (worn)
 d - a +0 cloak
 k - a +0 shield
 o - a +1 cloak (worn)
 q - a +2 pair of boots (worn)
Jewellery
 l - an amulet of guardian spirit (around neck)
Scrolls
 h - 3 scrolls of fog
 n - 2 scrolls of identify
Potions
 g - 8 potions of blood
 i - a potion of ambrosia {unknown}
 j - 4 potions of curing {unknown}
 m - a potion of cancellation {unknown}
 p - 2 potions of lignification
 r - a potion of agility {unknown}
 t - a potion of flight {unknown}
 u - a potion of mutation {unknown}
 v - a potion of might {unknown}


   Skills:
 - Level 1.7 Fighting
 - Level 2.1 Short Blades
 - Level 1.5 Throwing
 - Level 1.1 Dodging
 + Level 9.8 Stealth


You had 4 spell levels left.
You didn't know any spells.

Dungeon Overview and Level Annotations

Branches:
Dungeon (3/15)

Altars:
Fedhas
Vehumet

Annotations:
Sewer Elvalys's ghost, amateur GrWz


Innate Abilities, Weirdness & Mutations

You have razor-sharp teeth.
You have supernaturally acute eyesight.
You can survive without breathing.


Message History

Elvalys's ghost gestures at you while chanting.
The magic dart hits you!
A giant newt comes into view.
You barely miss the river rat.
The river rat is almost dead.
The rat bites you. The rat misses you. The river rat closely misses you.
Elvalys's ghost points at you and mumbles some strange words.
The magic dart hits you!
* * * LOW HITPOINT WARNING * * *
Drink which item? (? for menu, Esc to quit)
Okay, then.
Read which item? (? for menu, Esc to quit)
As you read the scroll of teleportation, it crumbles to dust.
You feel strangely unstable. The rat barely misses you. The rat misses you.
The river rat bites you!
* * * LOW HITPOINT WARNING * * *
The rat twitches its whiskers.
Elvalys's ghost points at you and mumbles some strange words.
The magic dart hits you!
You die...

##### ### #∩..## #####
##...######..#####..∩#
#...rr@#####..##...####
......rrW.##.......#####
.......S............##..
........................
≈≈≈≈....l..S............
≈≈≈≈≈≈≈≈........≈≈≈≈≈≈≈≈
≈≈≈≈≈≈≈≈≈≈.....≈≈≈≈≈≈≈≈≈
≈≈≈≈≈≈≈≈≈≈≈≈≈≈≈≈≈≈≈≈≈≈≈≈
≈≈≈≈≈≈≈≈≈≈≈≈≈≈≈≈≈≈≈≈≈≈≈


You could see Elvalys's ghost, an adder, a river rat, a ball python, a giant
newt (wandering) and 3 rats.

Vanquished Creatures
  5 adders
  A river rat (Sewer)
  An ooze (D:1)
  2 worms (D:2)
  6 giant geckos
  2 orcs (D:3)
  A ball python (D:3)
  6 bats
  A giant cockroach (D:2)
  10 goblins
  8 hobgoblins
  8 jackals
  3 quokkas
  5 giant newts
  7 kobolds
  16 rats
82 creatures vanquished.

Notes
Turn   | Place    | Note
--------------------------------------------------------------
     0 | D:1      | gorblad the Vampire Assassin began the quest for the Orb.
     0 | D:1      | Reached XP level 1. HP: 16/16 MP: 1/1
     6 | D:1      | Reached skill level 6 in Stealth
    40 | D:1      | Reached XP level 2. HP: 22/22 MP: 2/2
   102 | D:1      | Reached skill level 7 in Stealth
   343 | D:1      | Reached XP level 3. HP: 24/27 MP: 3/3
  1034 | D:2      | Found a blossoming altar of Fedhas.
  1046 | D:2      | Found a radiant altar of Vehumet.
  1119 | D:2      | Reached skill level 8 in Stealth
  1274 | D:2      | Reached XP level 4. HP: 33/33 MP: 4/4
  2073 | D:3      | Reached skill level 9 in Stealth
  2550 | D:3      | Reached XP level 5. HP: 17/38 MP: 2/5
  2553 | D:3      | Found a glowing drain.
  2560 | Sewer    | Entered a sewer
  2975 | Sewer    | Noticed Elvalys's ghost (amateur GrWz)
  2984 | Sewer    | HP: 1/38 [river rat (8)]
  2984 | Sewer    | Killed from afar by Elvalys's ghost

Action                   |  1- 3 |  4- 6 || total
-------------------------+-------+-------++-------
Melee: Dagger            |   108 |   156 ||   264
  Use: Scroll            |     2 |     5 ||     7
       Potion            |     1 |     5 ||     6
 Stab: Sleeping          |     8 |     7 ||    15
